 Dungeon Crawl Stone Soup version 0.18-a0-1778-gadce9fa (webtiles) character file.

1730055 Ratboiler the Blood Saint (level 25, 155/212 HPs)
             Began as a Demonspawn Wanderer on Apr 15, 2016.
             Was a High Priest of Lugonu.
             Escaped with the Orb
             ... and 3 runes on Apr 16, 2016!
             The game lasted 02:57:34 (62478 turns).

Ratboiler the Blood Saint (Demonspawn Wanderer)    Turns: 62478, Time: 02:57:34

Health: 155/212    AC: 45    Str: 15    XL:     25   Next: 60%
Magic:  23/36      EV: 19    Int: 12    God:    Lugonu [*****.]
Gold:   2283       SH:  6    Dex: 24    Spells: 4 memorised, 19 levels left

rFire  + + .     SeeInvis +     b - +18 lance "Wyrmbane" {slay drac, +Rage rPois rF+ AC+5}
rCold  + . .     Gourm    .     W - +7 chain mail "Qyownuze" {+Fly rCorr Str+2}
rNeg   . . .     Faith    .     G - +0 buckler of the Doldrums {rC+}
rPois  +         Spirit   +     h - +2 hat {MR+}
rElec  +         Dismiss  .     g - +2 cloak {MR+}
rCorr  +         Reflect  .     l - +2 pair of gloves of Kimar Ifet {rElec}
SustAt .         Harm     .     (boots unavailable)
MR     +++..     Clarity  +     j - amulet of guardian spirit
Stlth  +.........               t - ring of see invisible
                                O - +3 ring of slaying

@: very slightly contaminated, hasted, very quick, extremely resistant to
hostile enchantments, very unstealthy
A: horns 1, talons 3, iridescent scales 3, berserk 2, blurry vision 2, clarity,
fire resistance 1, low mp 1, nightstalker 3, shaggy fur 1, electricity
resistance, spiny 3, weak 1, flame cloud immunity, subdued magic 1, MP-powered
wands
a: Depart the Abyss, Bend Space, Banish, Corrupt, Enter the Abyss, Renounce
Religion, Evoke Berserk Rage, Evoke Flight
0: Orb of Zot
}: 3/15 runes: barnacled, silver, gossamer


You escaped.
You worshipped Lugonu.
Lugonu was extremely pleased with you.
You were not hungry.

You visited 8 branches of the dungeon, and saw 48 of its levels.
You visited the Abyss 2 times.
You also visited: Trove, Ossuary and Ice Cave.

You collected 6462 gold pieces.
You spent 4179 gold pieces at shops.

Inventory:

Hand Weapons
 a - a +9 demon whip of distortion
 b - the +18 lance "Wyrmbane" (weapon) {slay drac, +Rage rPois rF+ AC+5}
   (You took it off an orc knight on level 5 of the Vaults)

   It affects your AC (+5).
   It protects you from fire.
   It protects you from poison.
   It lets you go berserk.
 D - a +3 flail of distortion
 N - a +0 blowgun
 X - a +3 demon whip of chaos
Missiles
 i - 497 stones
 n - 5 throwing nets (quivered)
 H - 17 javelins
Armour
 g - a +2 cloak of magic resistance (worn)
 h - a +2 hat of magic resistance (worn)
 l - the +2 pair of gloves of Kimar Ifet (worn) {rElec}
   (You took it off Nikola on level 1 of the Shoals)

   It insulates you from electricity.
 G - the +0 buckler of the Doldrums (worn) {rC+}
   (You took it off Norris on level 2 of the Spider Nest)

   It protects you from cold.
 W - the +7 chain mail "Qyownuze" (worn) {+Fly rCorr Str+2}
   (You bought it in a shop on level 5 of the Dungeon)

   It affects your strength (+2).
   It lets you fly.
   It protects you from acid and corrosion.
Jewellery
 j - an amulet of guardian spirit (around neck)
 t - a ring of see invisible (right hand)
 O - a +3 ring of slaying (left hand)
Wands
 c - a wand of digging (1/24)
 m - a wand of teleportation (0/9)
 p - a wand of hasting (2/9)
 A - a wand of heal wounds (9/9)
 B - a wand of iceblast (5/15)
 C - a wand of disintegration (6/24)
 P - a wand of teleportation (2/9)
 Q - a wand of disintegration (9/24)
 U - a wand of digging (0/24)
 Y - a wand of disintegration (5/24)
Scrolls
 d - 25 scrolls of teleportation
 q - 4 scrolls of fear
 y - 8 scrolls of amnesia
 E - a scroll of enchant weapon
 F - 7 scrolls of fog
 K - 5 scrolls of identify
 M - 7 scrolls of blinking
 R - 3 scrolls of enchant armour
 S - 16 scrolls of remove curse
 T - 2 scrolls of recharging
Potions
 k - 2 potions of cancellation
 o - 7 potions of curing
 r - 12 potions of ambrosia
 s - a potion of cure mutation
 u - a potion of flight
 v - 2 potions of invisibility
 w - a potion of resistance
 x - 4 potions of magic
 J - 2 potions of agility
 L - 7 potions of lignification
Books
 Z - a book of Transfigurations

   Spells                             Type                      Level
   a - Irradiate                      Conjuration/Transmutation    5
   b - Statue Form                    Transmutation/Earth          6
   c - Hydra Form                     Transmutation                6
   d - Dragon Form                    Transmutation                7
Comestibles
 e - 16 fruits
 f - 19 bread rations


   Skills:
 - Level 20.4 Fighting
 - Level 14.0 Maces & Flails
 * Level 16.6 Polearms
   Level 1.7 Bows
 + Level 19.3 Armour
 - Level 15.5 Dodging
 - Level 1.0 Stealth
 - Level 4.1 Shields
   Level 1.0 Charms
   Level 1.7 Transmutations
 O Level 27 Invocations
 - Level 1.0 Evocations


You had 19 spell levels left.
You knew the following spells:

 Your Spells              Type           Power        Failure   Level  Hunger
a - Animate Skeleton      Necr           N/A          99%         1    ##.....
b - Apportation           Tloc           #.........   99%         1    ##.....
c - Summon Butterflies    Summ           #.......     99%         1    ##.....
d - Blink                 Tloc           N/A          100%        2    ###....


Dungeon Overview and Level Annotations

Branches:
Dungeon (15/15)            Temple (0/1) D:7            Lair (8/8) D:11
 Shoals (4/4) Lair:3       Spider (4/4) Lair:5        Slime (0/6) Lair:8
    Orc (2/2) D:12            Elf (0/3) Orc:2        Vaults (5/5) D:13
  Crypt (0/3) Vaults:2     Depths (5/5) D:15            Zot (5/5) Depths:5

Altars:
Ashenzari
Cheibriados
Dithmenos
Elyvilon
Fedhas
Gozag
Kikubaaqudgha
Makhleb
Nemelex Xobeh
Okawaru
Pakellas
Sif Muna
Trog
Yredelemnul
Zin
The Shining One
Beogh
Jiyva
Lugonu

Shops:
D:5 [   D:9 *   Orc:2 ![(}!**(}   Shoals:1 (   Shoals:2 (   Vaults:4 :[*!
Vaults:5 %%?   Depths:1 ?(***

Portals:
Hell: Depths:1 Depths:3 Depths:4 Depths:5
Abyss: Depths:4 Depths:5
Pandemonium: Depths:3
Ziggurat: Depths:4

Annotations:
D:1 corrupted
D:3 Ijyb
D:4 exclusion: moth of wrath
D:7 1 exclusion
D:10 corrupted
D:12 exclusion: downstairs
Shoals:1 exclusion: kraken
Shoals:2 exclusion: oklob plant
Spider:1 Azrael
Spider:3 corrupted
Vaults:5 corrupted
Depths:2 the Enchantress
Zot:3 corrupted
Zot:5 corrupted
Abyss:1 Erica, Joseph, Josephine, Rupert, Sigmund, Snorg


Innate Abilities, Weirdness & Mutations

You have claws for feet.
You are completely covered in iridescent scales (AC +8).
Your flesh is heat resistant.
You are completely attuned to the shadows.
You are completely covered in sharp spines.
You are immune to clouds of flame.
You have a pair of small horns on your head.
You often lose your temper in combat.
Scrolls take you longer to read.
You possess an exceptional clarity of mind.
Your magical capacity is low (-10% MP).
You are covered in fur (AC +1).
You are resistant to electric shocks.
You are weak. (Str -2)
Your spells are a little easier to cast, but a little less powerful.
You expend magic power (3 MP) to strengthen your wands.


Message History

There is a stone staircase leading down here.
The worldbinder calls forth creatures from the Spider Nest!
Hoduugee hits you!! Hoduugee burns you.
The jumping spider pounces on Hoduugee but does no damage.
The jumping spider bites Hoduugee but does no damage.
The jumping spider leaps!
The jumping spider pounces on Hoduugee but does no damage.
The jumping spider bites Hoduugee but does no damage.
Something bites the neqoxec.
The neqoxec hits the jumping spider.
Something hits the neqoxec but does no damage.
Something hits the neqoxec.
A goblin comes into view. It is wielding a dagger.
There is an open door here.
You hear a shout!
Hoduugee hits you but does no damage. Hoduugee hits you!! Hoduugee burns you.
An Orb Guardian comes into view.
There is a staircase leading out of the dungeon here.
Hoduugee hits you but does no damage.
You have escaped!

###.# #...# #......#
#)# ###...###
####..## #.##
#.......# #..#
#..#####.......####
###†.#####
##[.#......X......#
#........#
##†'......⌠......#
#........#
#.#.............#
#........#
#.####......&####
#........# ###
#......@# #........#
###...### #........#
#...# #........#
#...# ###....>...#
##'#######...†......#
#.........##########
###########


You could see Hoduugee and an Orb Guardian.

Vanquished Creatures
  7 ancient liches
  4 orbs of fire
  2 juggernauts
  Norris (Spider:2)
  3 curse toes
  3 caustic shrikes (Depths:4)
  4 Killer Klowns (Zot:5)
  Nikola (Shoals:1)
  5 golden dragons
  A bone dragon (Abyss:2)
  A profane servitor (Abyss:5)
  An electric golem (Zot:5)
  Jorgrun (Shoals:2)
  2 liches
  22 Orb Guardians
  21 tentacled monstrosities
  3 titans
  3 quicksilver dragons
  11 death cobs
  4 tentacled starspawn
  Agnes (D:15)
  11 shadow dragons
  Kirke (D:14)
  7 tengu reavers
  2 sphinxes
  Gastronok (Orc:1)
  A draconian monk (Zot:3)
  10 storm dragons
  7 fire giants
  2 frost giants
  An orc warlord (Orc:2)
  A deep elf sorcerer (Vaults:3)
  7 ghost moths
  3 draconian knights
  An iron dragon (Depths:4)
  A balrug (Depths:5)
  5 draconian scorchers
  2 emperor scorpions
  9 vault wardens
  Aizul (Spider:3)
  8 ironheart preservers
  4 draconian shifters
  5 draconian zealots
  4 draconian annihilators
  A war gargoyle (Vaults:3)
  2 draconian callers (Zot:1)
  15 stone giants
  5 spriggan defenders
  20 very ugly things
  11 black draconians
  A lorocyproca (D:10)
  A vampire knight (Depths:2)
  7 red draconians
  6 white draconians
  3 green draconians
  A salamander stormcaller (Vaults:4)
  2 deep elf demonologists (Depths:4)
  2 deep elf annihilators
  4 purple draconians
  6 spark wasps
  6 yellow draconians
  2 mottled draconians
  2 blizzard demons (IceCv)
  A green death (Abyss:5)
  4 merfolk javelineers (Shoals:4)
  2 deep elf death magi
  10 vault guards
  10 ettins
  A merfolk impaler (Shoals:4)
  21 fire dragons
  7 great orbs of eyes
  2 hydras
  A quicksilver dragon skeleton (Depths:1)
  8 entropy weavers
  7 yaktaur captains
  16 ice dragons
  A catoblepas (Lair:7)
  4 spriggan air magi
  2 death knights
  3 rakshasas
  3 merfolk avatars
  4 merfolk aquamancers
  13 centaur warriors
  8 ogre magi
  5 death yaks (Lair:7)
  6 deep troll shamans
  A dancing weapon (Vaults:5)
  10 deep troll earth magi
  4 tengu warriors
  3 vampire magi
  6 thrashing horrors
  A hell hog (Abyss:5)
  3 orc high priests
  7 spriggan berserkers
  A shock serpent (shapeshifter) (Depths:3)
  3 wretched stars (Abyss:5)
  4 skeletal warriors (Vaults:2)
  3 sun demons
  6 deep elf knights
  A salamander mystic (Vaults:4)
  A hell knight (Depths:3)
  7 sea snakes
  A sea snake (shapeshifter) (Depths:4)
  7 unseen horrors
  2 iron trolls (Depths:4)
  A gelid demonspawn (Zot:5)
  16 deep trolls
  5 deep elf archers
  4 giant orange brains
  2 flayed ghosts
  7 ironbrand convokers
  2 necromancers (Depths:1)
  4 hill giants
  23 harpies
  2 phantasmal warriors
  A harpy (shapeshifter) (Vaults:1)
  3 wizards
  6 orc sorcerers
  A fire giant zombie (Depths:1)
  12 orc knights
  10 orb spiders
  27 wolf spiders
  8 hornets
  15 deep elf magi
  26 ugly things
  5 cyclopes
  6 manticores
  13 griffons
  2 oklob plants (Lair:8)
  8 elephants
  13 fauns
  5 sirens
  2 worldbinders (Abyss:5)
  An octopode (shapeshifter) (D:15)
  A hornet (shapeshifter) (Vaults:5)
  27 moths of wrath
  4 salamanders
  8 vault sentinels
  An iron dragon skeleton (Depths:1)
  Maurice (Orc:1)
  A guardian serpent (shapeshifter) (D:15)
  An apocalypse crab (Abyss:2)
  9 spiny frogs
  6 black mambas
  5 spectral swamp worms (Depths:2)
  3 water nymphs
  A storm dragon simulacrum (Depths:1)
  5 smoke demons
  4 centaur skeletons
  A gargoyle (D:13)
  3 torpor snails
  2 rime drakes
  2 spriggan skeletons (Depths:1)
  A yaktaur zombie (Depths:1)
  2 efreet (Abyss:2)
  10 demonic crawlers
  2 freezing wraiths
  14 komodo dragons
  A yaktaur (shapeshifter) (D:15)
  2 kobold demonologists
  3 ancient zymes
  A redback zombie (D:15)
  2 spriggan druids (Lair:8)
  A hellwing (Depths:4)
  41 yaktaurs
  9 ice devils (IceCv)
  A tengu conjurer (Depths:4)
  18 merfolk
  6 trolls
  2 harpy zombies (Shoals:1)
  20 jumping spiders
  A jumping spider (shapeshifter) (D:15)
  A red devil (Depths:5)
  9 polar bears
  3 wind drakes
  A slime creature (shapeshifter) (D:15)
  A griffon zombie (Shoals:1)
  A hornet zombie (D:15)
  17 two-headed ogres
  14 raiju
  26 slime creatures
  A polar bear (shapeshifter) (Depths:4)
  21 blink frogs
  2 snapping turtles
  A human simulacrum (Vaults:2)
  4 boulder beetles
  13 water elementals
  A deep troll zombie (Depths:1)
  3 flying skulls (Abyss:2)
  22 spriggans
  A centaur simulacrum (D:15)
  32 tarantellas
  81 redbacks
  4 ynoxinuls (Abyss:2)
  2 tarantellas (shapeshifter)
  6 wraiths
  2 shadows
  48 yaks
  2 fire elementals
  4 wyverns
  4 hogs (D:14)
  A basilisk (shapeshifter) (Depths:3)
  2 fire bats (Depths:2)
  3 humans (D:13)
  A chaos spawn (Abyss:2)
  3 hungry ghosts
  2 neqoxecs
  A spatial vortex (Abyss:5)
  9 hippogriffs
  19 vampire mosquitoes
  4 basilisks
  13 large abominations
  10 wargs
  2 mottled dragons
  An insubstantial wisp (Abyss:5)
  16 water moccasins
  9 soldier ants
  Duvessa (D:7)
  A giant eyeball (Depths:4)
  19 porcupines
  A black bear (shapeshifter) (Vaults:4)
  15 wasps
  3 ice beasts
  50 orc warriors
  A phantom (D:13)
  10 black bears
  2 sky beasts
  A necrophage (D:9)
  An eye of draining (shapeshifter) (Depths:4)
  2 eyes of draining (D:12)
  37 ogres
  11 boggarts
  A boggart (shapeshifter) (Vaults:3)
  21 wolves
  29 centaurs
  16 crocodiles
  2 big kobolds (D:13)
  A gnoll sergeant (D:9)
  A deep troll simulacrum (Vaults:2)
  12 giant frogs
  Dowan (D:7)
  3 water moccasin zombies (Ossuary)
  A wyvern skeleton (D:13)
  7 small abominations
  7 scorpions
  A hippogriff zombie (Shoals:1)
  8 killer bees
  2 electric eels (Lair:5)
  9 howler monkeys
  8 crimson imps
  A centaur zombie (D:5)
  28 orc priests
  3 quasits
  A giant frog zombie (D:12)
  4 hounds
  A jelly (D:7)
  Crazy Yiuf (D:7)
  An iron imp (Abyss:3)
  38 orc wizards
  A giant frog skeleton (D:12)
  11 iguanas
  35 worker ants
  3 sheep (Vaults:1)
  2 big kobold zombies (Ossuary)
  A hound skeleton (D:8)
  2 mummies (Ossuary)
  8 gnolls
  15 adders
  51 river rats
  A shadow imp (D:8)
  A white imp (Depths:4)
  6 ufetubi
  An ooze (D:1)
  7 adder zombies
  3 adder skeletons
  4 worms
  2 dart slugs (D:3)
  6 giant geckos
  156 orcs
  3 bat zombies
  4 giant cockroaches
  2 gnoll zombies (Ossuary)
  15 goblins
  12 hobgoblins
  15 jackals
  3 quokkas
  A ball python (D:1)
  20 bats
  5 giant newts
  4 hobgoblin zombies (Ossuary)
  9 kobolds
  6 kobold zombies (Ossuary)
  4 orc zombies (Ossuary)
  18 rats
  A rat (shapeshifter) (Vaults:5)
  A starspawn tentacle (Abyss:5)
2179 creatures vanquished.

Vanquished Creatures (others)
  Mara (Spider:3)
  An ancient lich (Vaults:5)
  A pandemonium lord (D:10)
  An electric golem (Zot:5)
  A Hell Sentinel (Zot:3)
  An Ice Fiend (D:10)
  2 Orb Guardians (Zot:5)
  A titan (Vaults:5)
  An Executioner (D:10)
  3 tengu reavers
  A storm dragon (Vaults:5)
  2 frost giants (Vaults:5)
  A draconian scorcher (Zot:4)
  A vault warden (Vaults:5)
  3 deep elf sorcerers (Vaults:5)
  2 draconian zealots (Zot:5)
  A very ugly thing (Vaults:5)
  2 ironheart preservers (Vaults:5)
  A deep elf demonologist (Vaults:4)
  2 salamander stormcallers (Vaults:5)
  A spark wasp (Spider:4)
  A red draconian (Zot:5)
  A mottled draconian (Zot:1)
  2 ettins (Vaults:5)
  4 deep elf high priests (Vaults:5)
  23 vault guards (Vaults:5)
  2 hydras
  A satyr (Shoals:4)
  A queen ant (Lair:1)
  A dancing weapon (Vaults:5)
  A death yak (Lair:6)
  The ghost of PeterLawrence the Fighter, a novice GrFi of Okawaru (D:9)
  A salamander mystic (Vaults:5)
  A cherub (D:10)
  2 deep trolls (Vaults:5)
  2 large abominations
  4 hill giants
  An ironbrand convoker (Vaults:5)
  2 deep elf archers
  A phantasmal warrior (Vaults:5)
  6 orb spiders
  An orc knight (Vaults:5)
  7 salamanders (Vaults:5)
  A wolf spider (Vaults:5)
  A hornet (Spider:4)
  2 ugly things
  4 vault sentinels (Vaults:5)
  A komodo dragon (shapeshifter) (Vaults:5)
  A harpy zombie (Shoals:1)
  A red devil (D:1)
  3 jumping spiders
  A troll (Vaults:5)
  A two-headed ogre (shapeshifter) (Vaults:5)
  A two-headed ogre (D:12)
  2 slime creatures
  5 redbacks (Spider:3)
  A wyvern (D:8)
  A spriggan (shapeshifter) (Vaults:5)
  3 yaks
  2 tarantellas (Spider:3)
  A wyvern (shapeshifter) (Vaults:5)
  A hippogriff (D:7)
  A neqoxec (D:1)
  A chaos spawn (Abyss:3)
  A water moccasin (D:9)
  A sky beast (shapeshifter) (Vaults:5)
  2 orc warriors
  A boggart (Vaults:1)
  6 ogres
  A wyvern skeleton (D:8)
  A scorpion (D:10)
  A crimson imp (Depths:5)
  2 orc priests
  An orc wizard (D:4)
  A giant frog skeleton (D:4)
  A worker ant (D:8)
  2 white imps
  2 ufetubi
  2 orcs
  2 goblins (D:1)
  A hobgoblin zombie (Ossuary)
  2 fire vortices (Abyss:5)
  23 fungi
  A lurking horror (Abyss:5)
  21 plants
  56 starspawn tentacles
  243 starspawn tentacle segments
  4 tentacles (Shoals:2)
  113 tentacle segments (Shoals:2)
622 creatures vanquished.

Grand Total: 2801 creatures vanquished

Notes
Turn   | Place    | Note
--------------------------------------------------------------
     0 | D:1      | Ratboiler the Demonspawn Wanderer began the quest for the Orb.
     0 | D:1      | Ratboiler set off with: a book of Geomancy, a +0 shortbow, 28 arrows, a scroll of teleportation, a +0 robe, a bread ration
     0 | D:1      | Reached XP level 1. HP: 16/16 MP: 1/1
   239 | D:1      | Reached skill level 1 in Maces & Flails
   246 | D:1      | Gained mutation: You are slightly more attuned to the shadows. [demonic ancestry]
   246 | D:1      | Reached XP level 2. HP: 9/22 MP: 2/2
   888 | D:1      | Gained mutation: You are partially covered in sharp spines. [demonic ancestry]
   888 | D:1      | Reached XP level 3. HP: 5/27 MP: 3/3
  1335 | D:2      | Found a faded altar to an unknown god.
  1352 | D:2      | Became a worshipper of Lugonu the Unformed
  1352 | D:2      | Reached * piety under Lugonu
  1352 | D:2      | Reached ** piety under Lugonu
  1451 | D:2      | Found an oddly glowing altar of Pakellas.
  1522 | D:2      | Reached skill level 1 in Invocations
  1770 | D:2      | Reached skill level 2 in Invocations
  1770 | D:2      | Reached XP level 4. HP: 33/33 MP: 5/5
  1808 | D:2      | Reached *** piety under Lugonu
  1841 | D:2      | HP: 1/33 [poisoned by an adder]
  2387 | D:2      | Found an iron altar of Okawaru.
  2387 | D:2      | Found a shadowy altar of Dithmenos.
  2388 | D:2      | Found a white marble altar of Elyvilon.
  2659 | D:3      | Noticed Ijyb
  2930 | D:3      | Gained mutation: You are mostly covered in sharp spines. [demonic ancestry]
  2930 | D:3      | Reached XP level 5. HP: 36/38 MP: 7/7
  2963 | D:3      | Reached skill level 3 in Invocations
  3143 | D:4      | Noticed Sigmund
  3144 | D:4      | Banished Sigmund
  3144 | D:4      | Reached skill level 4 in Invocations
  3509 | D:3      | Reached skill level 1 in Shields
  3509 | D:3      | Gained mutation: You are completely covered in sharp spines. [demonic ancestry]
  3509 | D:3      | Reached XP level 6. HP: 27/44 MP: 9/9
  3640 | D:4      | Reached **** piety under Lugonu
  3733 | D:4      | Found a sparkling altar of Nemelex Xobeh.
  3794 | D:4      | Noticed a moth of wrath
  3797 | D:4      | Found a bloodstained altar of Trog.
  4041 | D:4      | Found a deep blue altar of Sif Muna.
  4226 | D:5      | Entered Level 5 of the Dungeon
  4491 | D:5      | Found a basalt altar of Yredelemnul.
  4557 | D:5      | Found Iddeitad's Antique Armour Shoppe.
  4579 | D:5      | Bought a faintly glowing ring mail for 162 gold pieces
  4589 | D:5      | Identified the cursed +1 ring mail "Kikhlane" {Str+4} (You bought it in a shop on level 5 of the Dungeon)
  4839 | D:5      | Found an ancient bone altar of Kikubaaqudgha.
  5231 | D:6      | Found a glowing golden altar of the Shining One.
  5374 | D:6      | Found a sand-covered staircase.
  5379 | Ossuary  | Entered an ossuary
  5439 | Ossuary  | Reached XP level 7. HP: 43/50 MP: 10/10
  5522 | Ossuary  | Reached skill level 5 in Maces & Flails
  5693 | D:6      | Got an ichor-stained mace
  5718 | D:6      | Identified the +5 mace "Xicav" {flame, +Blink rC++ Int+3 Stlth+} (You found it on level 6 of the Dungeon)
  5967 | D:6      | Found a burning altar of Makhleb.
  6172 | D:6      | Reached skill level 5 in Invocations
  6200 | D:7      | Noticed Crazy Yiuf
  6213 | D:7      | Noticed a hippogriff
  6214 | D:7      | Banished a hippogriff
  6230 | D:7      | Noticed Duvessa
  6315 | D:7      | Found a staircase to the Ecumenical Temple.
  6402 | D:7      | Noticed Dowan
  6512 | D:7      | Gained mutation: You have sharp toenails. [demonic ancestry]
  6512 | D:7      | Reached XP level 8. HP: 39/56 MP: 12/12
  6599 | D:7      | Found a glowing silver altar of Zin.
  6710 | D:7      | Reached skill level 6 in Invocations
  6720 | D:7      | Reached ***** piety under Lugonu
  6907 | D:7      | Found a shattered altar of Ashenzari.
  7142 | D:7      | Reached skill level 7 in Invocations
  7310 | D:7      | Killed Duvessa
  7315 | D:7      | Killed Dowan
  7315 | D:7      | Reached skill level 8 in Invocations
  7332 | D:7      | Killed Crazy Yiuf
  7698 | D:8      | Reached XP level 9. HP: 61/61 MP: 15/15
  7706 | D:8      | Reached skill level 9 in Invocations
  7848 | D:8      | Noticed Erica
  7850 | D:8      | Banished Erica
  7982 | D:8      | Found a snail-covered altar of Cheibriados.
  8082 | D:8      | Reached skill level 10 in Invocations
  8456 | D:9      | Found Foss's Fabulous Fripperies.
  8465 | D:9      | Noticed PeterLawrence's ghost (novice GrFi)
  8525 | D:8      | Reached skill level 10 in Maces & Flails
  8549 | D:9      | Banished PeterLawrence's ghost
  8549 | D:9      | Gained mutation: You are significantly more attuned to the shadows. [demonic ancestry]
  8549 | D:9      | Reached XP level 10. HP: 67/67 MP: 17/17
  8873 | D:5      | Bought a fine chain mail for 171 gold pieces
  8873 | D:5      | Bought a pair of runed gloves for 81 gold pieces
  8891 | D:5      | Identified the +7 chain mail "Qyownuze" {+Fly rCorr Str+2} (You bought it in a shop on level 5 of the Dungeon)
  9011 | D:9      | Found an opulent altar of Gozag.
  9236 | D:9      | Bought a scroll of fog for 28 gold pieces
  9236 | D:9      | Bought a scroll of fear for 49 gold pieces
  9517 | D:10     | Entered Level 10 of the Dungeon
  9674 | D:10     | Noticed Joseph
  9678 | D:10     | Banished Joseph
  9681 | D:10     | Noticed a hill giant
  9682 | D:10     | Banished a hill giant
  9685 | D:10     | Gained mutation: You have razor-sharp toenails. [mutagenic meat]
  9686 | D:10     | Gained mutation: Your muscles are strong. (Str +2) [mutagenic meat]
  9861 | D:10     | Noticed a hill giant
  9862 | D:10     | Banished a hill giant
 10086 | D:10     | Noticed a hill giant
 10088 | D:10     | Banished a hill giant
 10088 | D:10     | Reached XP level 11. HP: 60/72 MP: 18/18
 10119 | D:10     | Noticed Snorg
 10122 | D:10     | Banished Snorg
 10234 | D:11     | Noticed a hill giant
 10235 | D:11     | Banished a hill giant
 10282 | D:11     | Noticed a hill giant
 10284 | D:11     | Banished a hill giant
 10553 | D:11     | Found a staircase to the Lair.
 11282 | D:12     | Learned a level 1 spell: Animate Skeleton
 11529 | D:12     | Reached skill level 1 in Dodging
 11695 | D:12     | Noticed a hill giant
 11696 | D:12     | Banished a hill giant
 11826 | D:12     | Found a staircase to the Orcish Mines.
 12159 | D:13     | Noticed a centaur warrior
 12194 | D:13     | Noticed a vault guard
 12195 | D:13     | Noticed a vault guard
 12300 | Lair:1   | Entered Level 1 of the Lair of Beasts
 12643 | Lair:1   | Noticed a queen ant
 12968 | Lair:1   | Banished a queen ant
 12968 | Lair:1   | Gained mutation: You have claws for feet. [demonic ancestry]
 12968 | Lair:1   | Reached XP level 12. HP: 71/85 MP: 14/19
 13336 | Lair:1   | Reached skill level 5 in Fighting
 13831 | Lair:2   | Reached skill level 5 in Armour
 13873 | Lair:2   | Reached skill level 5 in Dodging
 13933 | Lair:2   | Identified a scroll of acquirement
 14333 | Lair:2   | Reached ****** piety under Lugonu
 14463 | Lair:3   | Found a staircase to the Shoals.
 14519 | Lair:3   | Noticed an eight-headed hydra
 14521 | Lair:3   | Banished an eight-headed hydra
 15197 | Lair:4   | Noticed a seven-headed hydra
 15198 | Lair:4   | Banished a seven-headed hydra
 15219 | Lair:4   | Noticed a seven-headed hydra
 15221 | Lair:4   | Banished a seven-headed hydra
 15393 | Lair:4   | Reached XP level 13. HP: 84/98 MP: 20/20
 15446 | Lair:4   | Noticed Josephine
 15447 | Lair:4   | Banished Josephine
 15458 | Lair:4   | Got a smoking morningstar
 15459 | Lair:4   | Identified the +6 morningstar of Desperation {antimagic, Str+9} (You found it on level 4 of the Lair of Beasts)
 16548 | Lair:5   | Found a hole to the Spider Nest.
 18531 | Lair:7   | Reached skill level 10 in Fighting
 18884 | Lair:8   | Entered Level 8 of the Lair of Beasts
 19122 | Lair:8   | Mutation became permanent: You have claws for feet. [demonic ancestry]
 19122 | Lair:8   | Reached XP level 14. HP: 99/110 MP: 21/21
 19199 | Lair:8   | Found a staircase to the Slime Pits.
 19199 | Lair:8   | Found a viscous altar of Jiyva.
 20727 | D:13     | Reached skill level 10 in Armour
 20745 | D:13     | Found a snail-covered altar of Cheibriados.
 20828 | D:13     | Noticed Rupert
 20830 | D:13     | Banished Rupert
 20926 | D:13     | Reached skill level 10 in Dodging
 21100 | D:13     | Found a gate to the Vaults.
 22045 | D:14     | Noticed Kirke
 22529 | D:14     | Gained mutation: You are partially covered in iridescent scales (AC +4). [demonic ancestry]
 22529 | D:14     | Reached XP level 15. HP: 120/120 MP: 22/22
 22668 | D:15     | Entered Level 15 of the Dungeon
 22688 | D:15     | Noticed Agnes
 22688 | D:15     | Noticed Louise
 22689 | D:15     | Banished Louise
 22700 | D:15     | Killed Agnes
 23290 | D:14     | Killed Kirke
 23409 | D:15     | Found a staircase to the Depths.
 23807 | D:15     | Gained mutation: You possess an exceptional clarity of mind. [potion of mutation]
 23807 | D:15     | Gained mutation: You are covered in fur (AC +1). [potion of mutation]
 23807 | D:15     | Gained mutation: You have a pair of small horns on your head. [potion of mutation]
 24484 | Spider:1 | Entered Level 1 of the Spider Nest
 24509 | Spider:1 | Found a frozen archway.
 24521 | IceCv    | Entered an ice cave
 25161 | Spider:1 | Learned a level 1 spell: Apportation
 25163 | Spider:1 | Learned a level 1 spell: Summon Butterflies
 25181 | Spider:1 | Noticed Azrael
 25436 | Spider:2 | Noticed Norris
 25457 | Spider:2 | Killed Norris
 25463 | Spider:2 | Got a shimmering buckler
 25474 | Spider:2 | Identified the +0 buckler of the Doldrums {rC+} (You took it off Norris on level 2 of the Spider Nest)
 26501 | Spider:2 | Gained mutation: You are mostly covered in iridescent scales (AC +6). [demonic ancestry]
 26501 | Spider:2 | Reached XP level 16. HP: 112/131 MP: 23/23
 27024 | Spider:3 | Noticed Mara
 27026 | Spider:3 | Corrupted Spider:3
 27036 | Spider:3 | Killed Mara
 27783 | Spider:3 | Noticed Aizul
 27833 | Spider:3 | Killed Aizul
 28428 | Spider:4 | Entered Level 4 of the Spider Nest
 30287 | Spider:4 | Reached skill level 15 in Fighting
 30296 | Spider:4 | Got a gossamer rune of Zot
 30720 | Shoals:1 | Entered Level 1 of the Shoals
 30733 | Shoals:1 | Noticed Nikola
 30746 | Shoals:1 | Killed Nikola
 30746 | Shoals:1 | Gained mutation: Your flesh is heat resistant. [demonic ancestry]
 30746 | Shoals:1 | Reached XP level 17. HP: 127/142 MP: 0/24
 30783 | Shoals:1 | Got a pair of polished gloves
 30794 | Shoals:1 | Identified the +2 pair of gloves of Kimar Ifet {rElec} (You took it off Nikola on level 1 of the Shoals)
 31282 | Shoals:1 | Found Taxit's Antique Weapon Boutique.
 31421 | Shoals:1 | Noticed a kraken
 31734 | Shoals:2 | Noticed Jorgrun
 31746 | Shoals:2 | Killed Jorgrun
 31757 | Shoals:2 | Found Mut Damaexo's Antique Weapon Shop.
 31923 | Shoals:2 | Found a blossoming altar of Fedhas.
 32504 | Shoals:2 | Noticed a kraken
 32591 | Shoals:4 | Entered Level 4 of the Shoals
 33096 | Shoals:4 | Got a barnacled rune of Zot
 33314 | Lair:1   | Upgraded the game from 0.18-a0-1774-gce1f7b6 to 0.18-a0-1778-gadce9fa
 33379 | D:9      | Bought a manual of Fighting for 1545 gold pieces
 33450 | Orc:1    | Entered Level 1 of the Orcish Mines
 33618 | Orc:1    | Noticed Maurice
 33639 | Orc:1    | Killed Maurice
 33806 | Orc:1    | Noticed Gastronok
 33816 | Orc:1    | Killed Gastronok
 33968 | Orc:2    | Entered Level 2 of the Orcish Mines
 34024 | Orc:2    | Found Komarr's General Store.
 34024 | Orc:2    | Found Luemif's Assorted Antiques.
 34226 | Orc:2    | Found Mamaabla's Gadget Shop.
 34316 | Orc:2    | Found a roughly hewn altar of Beogh.
 34331 | Orc:2    | Found Oruemmif's Distillery.
 34364 | Orc:2    | Found a roughly hewn altar of Beogh.
 34428 | Orc:2    | Found a staircase to the Elven Halls.
 34494 | Orc:2    | Found Keamn's Gadget Shop.
 34891 | Orc:2    | Found a roughly hewn altar of Beogh.
 34921 | Orc:2    | Found a roughly hewn altar of Beogh.
 34953 | Orc:2    | Found a roughly hewn altar of Beogh.
 34980 | Orc:2    | Found Isialaat's Antique Weapon Boutique.
 35124 | Orc:2    | Found Ynnunu's Distillery.
 35127 | Orc:2    | Bought a potion of beneficial mutation for 490 gold pieces
 35127 | Orc:2    | Gained mutation: You are resistant to electric shocks. [potion of beneficial mutation]
 35237 | Orc:2    | Found Puohoucw's Antique Weapon Boutique.
 35238 | Orc:2    | Found a roughly hewn altar of Beogh.
 35244 | Orc:2    | Found Kohalaoj's Antique Armour Shop.
 35308 | Orc:2    | Found a roughly hewn altar of Beogh.
 35533 | D:5      | Bought a runed cloak for 81 gold pieces
 35742 | Vaults:1 | Entered Level 1 of the Vaults
 35756 | Vaults:1 | Reached XP level 18. HP: 153/153 MP: 25/25
 36809 | Vaults:1 | Reached skill level 15 in Armour
 37200 | Vaults:2 | Reached skill level 15 in Dodging
 37547 | Vaults:2 | Found a staircase to the Crypt.
 37547 | Vaults:2 | Found an ancient bone altar of Kikubaaqudgha.
 37548 | Vaults:2 | Found a basalt altar of Yredelemnul.
 38891 | Vaults:3 | Gained mutation: Scrolls take you a little longer to read. [a neqoxec]
 38948 | Vaults:3 | Reached skill level 11 in Invocations
 38974 | Vaults:3 | Reached XP level 19. HP: 94/167 MP: 27/27
 39420 | Vaults:3 | Reached skill level 12 in Invocations
 39575 | Vaults:3 | Reached skill level 13 in Invocations
 39767 | Vaults:4 | Found Xashesel's Book Boutique.
 39838 | Vaults:4 | Found Meolock's General Store.
 39994 | Vaults:4 | Reached skill level 14 in Invocations
 40308 | Vaults:4 | Reached skill level 15 in Invocations
 40517 | Vaults:4 | Found Ziptaer's Antique Armour Shop.
 40523 | Vaults:4 | Bought a fine ring mail for 378 gold pieces
 40525 | Vaults:4 | Identified the +2 ring mail of Umpar {MR++} (You bought it in a shop on level 4 of the Vaults)
 40681 | Vaults:4 | Found Fageyx's Distillery.
 40809 | Vaults:4 | Reached skill level 16 in Invocations
 41294 | Depths:1 | Entered Level 1 of the Depths
 41396 | Depths:1 | Reached skill level 17 in Invocations
 41625 | Depths:1 | Found Ihuciowk's Weapon Emporium.
 41640 | Depths:1 | Found Keopraeb's Magic Scroll Shop.
 41646 | Depths:1 | Bought a scroll of identify for 30 gold pieces
 41721 | Depths:1 | Found a gateway to Hell.
 41761 | Depths:1 | Found Ushong's General Store.
 41765 | Depths:1 | Bought a scroll of enchant armour for 127 gold pieces
 42002 | Depths:1 | Found Ciavehy's Elemental Accessories.
 42219 | Depths:1 | Found Darphior's General Store.
 42223 | Depths:1 | Bought a potion of heal wounds for 95 gold pieces
 42349 | Depths:1 | Reached skill level 18 in Invocations
 42379 | Depths:1 | Gained mutation: You are immune to clouds of flame. [demonic ancestry]
 42379 | Depths:1 | Reached XP level 20. HP: 139/174 MP: 33/33
 42775 | Depths:2 | Noticed the Enchantress
 42845 | Depths:2 | Reached skill level 19 in Invocations
 43357 | Depths:3 | Noticed a juggernaut
 43531 | Depths:3 | Killed a juggernaut
 43531 | Depths:3 | Reached skill level 20 in Invocations
 43915 | Depths:3 | Found a one-way gate leading to the halls of Pandemonium.
 44072 | Depths:3 | Reached skill level 21 in Invocations
 44943 | Depths:4 | Found a one-way gate to the infinite horrors of the Abyss.
 45049 | Depths:4 | Noticed a caustic shrike
 45051 | Depths:4 | Noticed a caustic shrike
 45056 | Depths:4 | Noticed a caustic shrike
 45161 | Depths:4 | Noticed a juggernaut
 45191 | Depths:4 | Killed a juggernaut
 45360 | Depths:4 | Reached skill level 22 in Invocations
 45742 | Depths:4 | Killed a caustic shrike
 45754 | Depths:4 | Killed a caustic shrike
 45754 | Depths:4 | Gained mutation: You are completely covered in iridescent scales (AC +8). [demonic ancestry]
 45754 | Depths:4 | Reached XP level 21. HP: 131/181 MP: 36/36
 45768 | Depths:4 | Killed a caustic shrike
 45768 | Depths:4 | Reached skill level 23 in Invocations
 46363 | Depths:4 | Found a gateway to a ziggurat.
 46683 | Depths:4 | Reached skill level 24 in Invocations
 46863 | Depths:5 | Entered Level 5 of the Depths
 47234 | Depths:5 | Noticed a golden dragon
 47264 | Depths:5 | Killed a golden dragon
 47409 | Depths:5 | Found a gate to the Realm of Zot.
 47578 | Depths:5 | Reached skill level 25 in Invocations
 48263 | Depths:5 | Found a portal to a secret trove of treasure.
 48925 | Depths:5 | You paid a toll of a book of the Warp to enter a treasure trove
 48926 | Trove    | Entered a treasure trove
 48936 | Trove    | Got a translucent iron ring
 48947 | Trove    | Got a twisted hat
 48951 | Trove    | Got a scorched brass amulet
 48955 | Trove    | Got a steaming scale mail
 48976 | Depths:5 | Identified the +2 hat "Edde" {rC+} (You found it in a treasure trove)
 48978 | Depths:5 | Identified the +3 scale mail of the Harp {+Fly rPois Dex+2} (You found it in a treasure trove)
 48980 | Depths:5 | Identified the ring "Dedghos" {rCorr MR+} (You found it in a treasure trove)
 48982 | Depths:5 | Identified the amulet of the Sybil {Harm *Drain rC+ Str+3} (You found it in a treasure trove)
 49032 | Depths:5 | Reached skill level 26 in Invocations
 49231 | Depths:5 | Reached XP level 22. HP: 188/188 MP: 32/39
 49547 | Depths:5 | Voluntarily entered the Abyss.
 49614 | Abyss:1  | Gained mutation: Scrolls take you longer to read. [a shining eye]
 50204 | Abyss:2  | Noticed an ancient lich
 50281 | Abyss:2  | Killed an ancient lich
 50497 | Depths:5 | Escaped the Abyss
 50573 | Depths:5 | Voluntarily entered the Abyss.
 50834 | Abyss:5  | Entered Level 5 of the Abyss
 50918 | Abyss:5  | Reached skill level 27 in Invocations
 50920 | Abyss:5  | Paralysed by accursed screaming for 1 turns
 51740 | Abyss:5  | Found a corrupted altar of Lugonu.
 51759 | Depths:5 | Escaped the Abyss
 52034 | Vaults:5 | Entered Level 5 of the Vaults
 52035 | Vaults:5 | Corrupted Vaults:5
 52126 | Vaults:5 | Killed an ancient lich
 52127 | Vaults:5 | Found Anobaj's Food Shop.
 52153 | Vaults:5 | Noticed a golden dragon
 52166 | Vaults:5 | Killed a golden dragon
 52682 | Vaults:5 | Found Jumiav's Magic Scroll Shop.
 52687 | Vaults:5 | Bought a scroll of acquirement for 624 gold pieces
 52687 | Vaults:5 | Bought a scroll of blinking for 90 gold pieces
 52687 | Vaults:5 | Bought a scroll of recharging for 114 gold pieces
 52687 | Vaults:5 | Bought a scroll of recharging for 114 gold pieces
 52699 | Vaults:5 | Found Minookk's Food Shoppe.
 52781 | Vaults:5 | Identified the Guide on the Mutagenic Rocks
 52878 | Vaults:5 | Learned a level 2 spell: Blink
 53218 | Vaults:5 | Found Meschav's Assorted Antiques.
 53270 | Vaults:5 | Got a silver rune of Zot
 53671 | Vaults:5 | Noticed an ancient lich
 53701 | Vaults:5 | Killed an ancient lich
 54035 | Zot:1    | Entered Level 1 of the Realm of Zot
 54048 | Zot:1    | Reached XP level 23. HP: 193/198 MP: 40/40
 54087 | Zot:1    | Identified a +9 demon whip of distortion (a +7 demon whip of venom corrupted by Lugonu)
 54087 | Zot:1    | Received a gift from Lugonu
 54690 | Zot:1    | Reached skill level 5 in Polearms
 56368 | Zot:3    | Noticed an orb of fire
 56370 | Zot:3    | Gained mutation: You tend to lose your temper in combat. [an orb of fire]
 56393 | Zot:3    | Killed an orb of fire
 56393 | Zot:3    | Reached skill level 10 in Polearms
 56873 | Zot:5    | Entered Level 5 of the Realm of Zot
 57080 | Zot:5    | Gained mutation: You are completely attuned to the shadows. [demonic ancestry]
 57080 | Zot:5    | Reached XP level 24. HP: 160/205 MP: 31/40
 57181 | Zot:5    | Noticed an ancient lich
 57226 | Zot:5    | Killed an ancient lich
 57520 | Zot:5    | Noticed an ancient lich
 57534 | Zot:5    | Killed an ancient lich
 57564 | Zot:5    | Noticed an orb of fire
 57601 | Zot:5    | Noticed an ancient lich
 57614 | Zot:5    | Killed an ancient lich
 57625 | Zot:5    | Noticed an ancient lich
 57647 | Zot:5    | Killed an ancient lich
 60227 | Zot:5    | Noticed an orb of fire
 60228 | Zot:5    | Lost mutation: Your muscles are strong. (Str +2) [an orb of fire]
 60286 | Zot:5    | Gained mutation: Your magical capacity is low (-10% MP). [an orb of fire]
 60287 | Zot:5    | Killed an orb of fire
 60580 | Zot:5    | Reached XP level 25. HP: 201/212 MP: 35/36
 60583 | Zot:5    | Corrupted Zot:5
 60659 | Zot:5    | Reached skill level 15 in Polearms
 61069 | Zot:5    | Noticed an orb of fire
 61076 | Zot:5    | Gained mutation: You often lose your temper in combat. [an orb of fire]
 61098 | Zot:5    | Killed an orb of fire
 61104 | Zot:5    | Gained mutation: You expend magic power (3 MP) to strengthen your wands. [an orb of fire]
 61111 | Zot:5    | Gained mutation: Your spells are a little easier to cast, but a little less powerful. [an orb of fire]
 61113 | Zot:5    | Killed an orb of fire
 61153 | Zot:5    | Noticed an ancient lich
 61170 | Zot:5    | Killed an ancient lich
 61550 | Zot:5    | Got the Orb of Zot
 61680 | Zot:3    | Corrupted Zot:3
 61796 | Zot:1    | Noticed Tagre the pandemonium lord
 62162 | D:10     | Gained mutation: You are weak. (Str -2) [a neqoxec]
 62167 | D:10     | Noticed Ekuoxt the pandemonium lord
 62167 | D:10     | Corrupted D:10
 62183 | D:10     | Killed Ekuoxt the pandemonium lord
 62440 | D:1      | Noticed Hoduugee the pandemonium lord
 62448 | D:1      | Corrupted D:1
 62478 | D:$      | Escaped with the Orb!

Vault maps used:
D:1:      minmay_arrival_cross
D:2:      lemuel_doored_altar, gammafunk_temple_overflow_claw, serial_undead,
          serial_undead_c, serial_undead_e, serial_undead_d, serial_undead_e,
          ecumenical_altar_1
D:3:      kennysheep_goblin_castle, eino_tiny_chamber
D:4:      tgw_trog, nemelex_xobeh_ov_fountains_minmay,
          lemuel_coloured_pillars_altar, uniq_sigmund
D:5:      kennysheep_mini_moat, overflow_temple_1_default, first_bread,
          serial_shops, nicolae_shop_window_shopping
D:6:      marbit_many_paths, nicolae_ossuary_entry_plus,
          nicolae_tso_carved_into_rock
D:7:      nicolae_overflow_crystal_walls, nicolae_ashenzari_panopticon,
          minmay_temple_entry_junction, the_bakery, uniq_crazy_yiuf_cottage,
          uniq_duvessa
D:8:      minmay_quarter_circles, kennysheep_mini, uniq_erica
D:9:      lemuel_crystal_altar, nicolae_alphabet_shops
D:10:     kennysheep_generic_room_7, uniq_joseph, uniq_snorg
D:11:     grunt_lair_entry_orc_guard_hut
D:12:     hiddenorc2_lemuel
D:13:     grunt_vaults_entry_fortified, cheibriados_altar_1, uniq_rupert
D:14:     wad_floor_pattern_2, uniq_kirke
D:15:     gammafunk_enter_depths_forms, minmay_misc_feat_hallway, uniq_agnes,
          uniq_louise
Lair:1:   zaba_antful_of_joy
Lair:2:   beast_lair_carwin_large_1, grunt_forest_large_clearings,
          infiniplex_staircase_pool_2, grunt_megastairs_3
Lair:3:   minmay_shoals_entry_centaurs
Lair:4:   kennysheep_basilisk_garden, uniq_josephine
Lair:5:   nicolae_spider_entry_non_spiders, serial_bayou_shore_b,
          grunt_megastairs_2
Lair:6:   roderic_lost_polar_bear
Lair:7:   beast_lair_carwin_5, lemuel_fruit_tree
Lair:8:   minmay_lair_end_enchanted_forest, slime_altar_1, dpeg_oklob_1
Shoals:1: serial_shops, nicolae_shop_overgrown_old_shop,
          nicolae_shoals_undead_eyrie, uniq_nikola
Shoals:2: serial_shops, nicolae_shop_overgrown_old_shop, lemuel_oklob_altar,
          uniq_jorgrun
Shoals:4: shoals_end_hangedman, shoals_ilsuiw_alternative
Spider:1: portal_ice_cave_entry_pillars_01, uniq_azrael
Spider:2: uniq_norris
Spider:3: spider_trap, nicolae_spider_webbed_stairs, uniq_mara, uniq_aizul
Spider:4: grunt_spider_rune_parallel
Orc:1:    uniq_maurice, uniq_gastronok
Orc:2:    grunt_orc_community_town_hall, grunt_orc_community_big_house_1,
          grunt_orc_community_big_house_1, grunt_orc_community_house_1,
          grunt_orc_community_house_2, grunt_orc_community_house_2,
          grunt_orc_community_house_3, grunt_orc_community_house_3,
          grunt_orc_community_house_2, serial_shops, shop_fountains, shop,
          nicolae_shop_behind_doors, shop, shop_coins
Vaults:1: v_rooms_3, grunt_vaults_trifunnel, v_misc_11, serial_ice_h,
          vaults_room_corners, ontoclasm_vaults_ligature,
          nicolae_vaults_alarming
Vaults:2: nicolae_vaults_circle_grid_a, hangedman_vaults_maws,
          minmay_crypt_entry_necro_gods, hangedman_vaults_impose,
          vaults_dpeg_diagonal, v_rooms_5, v_misc_16, nicolae_vaults_what_the_h,
          nicolae_vaults_little_squares_1
Vaults:3: grunt_vaults_hallway_short, v_misc_24, v_alt_pattern_1, v_misc_12,
          vaults_room_stairs_pillars, v_rooms_5, vaults_dpeg_hooks,
          hangedman_vaults_stream
Vaults:4: ontoclasm_vaults_loading_screen, v_misc_5, v_pattern_2,
          nicolae_vaults_circle_grid_b, vaults_dpeg_doors, grunt_vaults_twisty,
          v_misc_9, hangedman_vaults_trim, vaults_room_pool,
          vaults_room_hallway, serial_shops,
          nicolae_shop_temple_entry_statues_fountains,
          nicolae_shop_competitors_out_of_business, shop_statue,
          nicolae_shop_overgrown_old_shop
Vaults:5: serial_shops
Depths:1: hex_tiny, serial_shops, shop, shop_fountains, shop_statue, shop,
          pf_vacation_house_of_asmodeus, grunt_ministairs_4, minmay_holes,
          nicolae_elemental_shop
Depths:2: minmay_distorted_concentric_squares, serial_aquarium,
          aquarium_bridge_square, aquarium_window_corridor_2,
          aquarium_window_fake, aquarium_window_1, aquarium_view_2c,
          aquarium_view_2c, hangedman_abyss_or_decor_lesser_grid, pan_entry,
          abyss_entry_small_statue_room, pf_hell_entry_tar_river, hex_large,
          basic_stair_grate_trap, minmay_staircase_statues_hall_small,
          uniq_enchantress
Depths:3: minmay_dotted_concentric_squares, pan_entry, hell_entry, st_stairs_9,
          minmay_staircase_bubble, firewood_loft, roderic_lattice_octagonal_star
Depths:4: grunt_x_marks_the_spot, enter_ziggurat_a,
          nicolae_abyss_entry_one_way_or_another, hangedman_coc_ice_floe
Depths:5: evilmike_zot_entry_round, nicolae_lava_and_water, abyss_entry,
          enter_trove_0, hellmouth_1, kennysheep_random_hallway
Zot:2:    hangedman_zot_gyre, st_stairs_9
Zot:3:    hangedman_zot_decor_scrapings
Zot:4:    hangedman_zot_decor_checkerboard, lemuel_elevator,
          basic_stair_grate_trap, grunt_megastairs_4
Abyss:1:  hangedman_decor_lopped
Abyss:2:  evilmike_abyss_exit_plants, hangedman_relentless_pull
Abyss:3:  hangedman_abyss_rune_flesh_and_stone
Abyss:4:  grunt_abyss_rune_the_horror
Abyss:5:  evilmike_abyss_rune_tentacle_tunnel
Trove:    trove_simple
Ossuary:  ossuary_tomb_2
IceCv:    ice_cave_small_demon

Skill      XL: |  1  2  3  4  5  6  7  8  9 10 11 12 13 14 15 16 17 18 19 20 21 22 23 24 25 |
---------------+----------------------------------------------------------------------------+-----
Maces & Flails | 1 2 3 4 5 7 10 12 14 | 14.0
Invocations    | 2 4 5 8 10 11 18 22 26 27 | 27.0
Shields        | 1 3 4 |  4.1
Dodging        | 3 6 8 10 11 13 14 15 | 15.5
Fighting       | 4 7 10 12 13 15 16 19 20 | 20.4
Armour         | 3 6 9 10 12 13 14 15 16 17 18 19 | 19.3
Polearms       | 2 11 14 16 | 16.6
Bows           | |  1.7
Stealth        | |  1.0
Charms         | |  1.0
Transmutations | |  1.7
Evocations     | |  1.0

Action                   |  1- 3 |  4- 6 |  7- 9 | 10-12 | 13-15 | 16-18 | 19-21 | 22-24 | 25-27 || total
-------------------------+-------+-------+-------+-------+-------+-------+-------+-------+-------++-------
Melee: Mace              |   100 |    69 |     4 |   208 |       |       |       |       |       ||   381
       Flail             |       |    63 |   177 |   426 |       |       |       |       |       ||   666
       Kick              |       |       |    25 |   210 |   619 |   837 |  1059 |   893 |   156 ||  3799
       Demon whip        |       |       |       |   194 |  1424 |  1925 |  2031 |   900 |       ||  6474
       Unarmed           |       |       |       |       |     5 |       |       |       |       ||     5
       Headbutt          |       |       |       |       |    71 |   530 |   688 |   661 |   103 ||  2053
       Lance             |       |       |       |       |       |       |       |   967 |   313 ||  1280
 Fire: Shortbow          |    13 |    18 |       |       |       |       |       |       |       ||    31
Throw: Javelin           |       |       |     6 |     1 |       |       |       |       |       ||     7
       Throwing net      |       |       |       |       |       |       |       |       |     5 ||     5
Invok: Banish            |       |     1 |     9 |    20 |    14 |    19 |    12 |       |       ||    75
       Corrupt           |       |       |       |       |       |     1 |       |     1 |     4 ||     6
       Bend Space        |       |       |       |       |       |       |       |     1 |       ||     1
       Brand Weapon With |       |       |       |       |       |       |       |     1 |       ||     1
Evoke: Wand              |       |       |     4 |       |     9 |    11 |    10 |    11 |    10 ||    55
  Use: Potion            |       |     2 |       |     1 |     8 |     6 |     4 |    10 |    13 ||    44
       Scroll            |       |     4 |     4 |    24 |    14 |     7 |    11 |    19 |     2 ||    85
 Stab: Sleeping          |     9 |     8 |     5 |     1 |     2 |       |     1 |     4 |       ||    30
       Invisible         |       |     1 |       |       |       |       |       |       |       ||     1
       Distracted        |       |       |     3 |       |     1 |       |       |     5 |     1 ||    10
       Fleeing           |       |       |       |       |       |       |       |     1 |       ||     1
       Held in net/web   |       |       |       |       |       |       |       |       |     5 ||     5
  Eat: Chunk             |     3 |     6 |     1 |    14 |     8 |     4 |    10 |       |       ||    46
       Fruit             |       |     3 |       |       |       |    32 |     8 |       |       ||    43
       Beef jerky        |       |     2 |       |     3 |     4 |       |     1 |     3 |       ||    13
       Meat ration       |       |       |     2 |     2 |     6 |     2 |     4 |     3 |       ||    19
       Pizza             |       |       |     1 |     1 |       |     2 |       |       |       ||     4
       Royal jelly       |       |       |       |     2 |       |     1 |       |       |       ||     3
       Bread ration      |       |       |       |       |       |       |       |     5 |     1 ||     6
Armor: Robe              |    18 |     1 |       |       |       |       |       |       |       ||    19
       Scale mail        |       |    18 |       |       |       |       |       |       |       ||    18
       Ring mail         |       |     9 |    25 |     8 |       |       |       |       |       ||    42
       Chain mail        |       |       |       |   262 |   417 |   653 |   608 |   651 |   105 ||  2696
Dodge: Dodged            |    61 |    44 |    47 |   171 |   407 |   903 |   848 |   949 |   113 ||  3543
Block: Buckler           |       |    23 |    50 |   230 |   244 |   407 |   308 |   297 |    35 ||  1594
